 Dungeon Crawl Stone Soup version 0.22.1-2-g9c5b331 (webtiles) character file.

864 Kaits the Chopper (level 7, -1/54 HPs)
             Began as a Demonspawn Chaos Knight on Dec 28, 2018.
             Slain by a troll (11 damage)
             ... on level 7 of the Dungeon.
             The game lasted 00:42:45 (3727 turns).

Kaits the Chopper (Demonspawn Chaos Knight)         Turns: 3727, Time: 00:42:46

Health: -1/54      AC:  7    Str: 14    XL:     7   Next: 72%
Magic:  0/7        EV: 10    Int: 13    God:    Xom [*.....]
Gold:   240        SH:  8    Dex: 13    Spells: 4/6 levels left

rFire    . . .     SeeInvis .   a - +0 hand axe (chaos) {Chaos Bois United!}
rCold    + . .     Gourm    .   l - +1 shield
rNeg     . . .     Faith    .   b - +3 leather armour
rPois    .         Spirit   +   (no helmet)
rElec    .         Reflect  .   (no cloak)
rCorr    .         Harm     .   h - +0 pair of gloves
MR       +....                  (no boots)
Stlth    ++........             s - amulet of the acrobat
HPRegen  0.18/turn              j - ring of protection from magic
MPRegen  0.10/turn              o - ring of protection from cold

@: no status effects
A: foul stench 1, sense surroundings 1, magic shield, rot immunity
a: Renounce Religion


You were on level 7 of the Dungeon.
You worshipped Xom.
You were a special plaything of Xom.
You were not hungry.

You visited 1 branch of the dungeon, and saw 7 of its levels.

You collected 380 gold pieces.
You spent 140 gold pieces at shops.

Inventory:

Hand Weapons
 a - a +0 hand axe of chaos (weapon) {Chaos Bois United!}
 u - a +0 giant spiked club
 y - a +3 hunting sling of flaming {Zing!}
Missiles
 d - 235 stones
 e - 37 sling bullets
 g - 143 arrows
 m - 6 javelins of returning (quivered)
 r - 35 bolts
Armour
 b - a +3 leather armour (worn)
 h - a +0 pair of gloves (worn)
 l - a +1 shield (worn)
 q - a +0 plate armour
 z - the +2 ring mail of the Gate {rF+ rC+ Str-5 Int+3, unknown}
   (You found it on level 6 of the Dungeon)

   It affects your strength (-5).
   It affects your intelligence (+3).
   It protects you from fire.
   It protects you from cold.
Jewellery
 j - a ring of protection from magic (left hand)
 o - a ring of protection from cold (right hand)
 s - an amulet of the acrobat (around neck)
Wands
 A - a wand of paralysis (11)
 C - a wand of polymorph (6)
Scrolls
 f - 2 scrolls of amnesia
 k - 3 scrolls of teleportation
 p - 3 scrolls of remove curse
 x - a scroll of noise {unknown}
 B - a scroll of fog {unknown}
Potions
 i - a potion of mutation {unknown}
 n - 2 potions of curing
 t - 2 potions of brilliance
 v - a potion of might
 w - 2 potions of invisibility {unknown}
Comestibles
 c - 6 rations


   Skills:
 + Level 4.2 Fighting
 + Level 5.2 Axes
 + Level 0.1(1.9) Slings
 * Level 3.2 Throwing
 + Level 2.9 Armour
 + Level 2.7 Dodging
 + Level 2.6 Stealth
 + Level 1.2 Shields


You had 4 spell levels left.
You knew the following spells:

 Your Spells              Type           Power        Failure   Level  Hunger
a - Animate Skeleton      Necr           N/A          92%         1    ##.....
b - Apportation           Tloc           #.....       92%         1    ##.....

Your spell library contained the following spells:

 Spells                   Type           Power        Failure   Level  Hunger
 Confusing Touch          Hex            #.....       92%         1    ##.....
 Magic Dart               Conj           #...         92%         1    ##.....
 Summon Small Mammal      Summ           #...         92%         1    ##.....
 Searing Ray              Conj           #.....       98%         2    ###....
 Dazzling Spray           Conj/Hex       #.....       100%        3    ####...
 Force Lance              Conj/Tloc      #.......     100%        4    #####..
 Fulminant Prism          Conj/Hex       #.........   100%        4    #####..
 Iskenderun's Mystic Bla  Conj           #.......     100%        4    #####..


Dungeon Overview and Level Annotations

Branches:
Dungeon (7/15)             Temple (0/1) D:4

Altars:
Gozag
Okawaru
Trog
Uskayaw
Xom
Zin

Shops:
D:5 **[


Innate Abilities, Weirdness & Mutations

You may emit foul miasma when damaged in melee.
When hurt, damage is shared between your health and your magic reserves.
You are immune to rotting.
You passively map a small area around you.


Message History

The troll is heavily wounded.
The troll closely misses you. The troll claws you but does no damage.
The troll claws you.
You hit the troll.
The troll is heavily wounded.
The troll bites you! You block the troll's attack. The troll claws you.
You hit the troll.
The troll is severely wounded.
The troll bites you. You block the troll's attack. The troll claws you!
* * * LOW HITPOINT WARNING * * *
You feel better. "This might be better!"
You swap places with the troll.
The troll bites you!
* * * LOW HITPOINT WARNING * * *
You emit a cloud of foul miasma!
You block the troll's attack. x2
The troll is engulfed in dark miasma.
The troll is poisoned.
You hit the troll. You burn the troll.
The troll is almost dead.
The troll bites you!
You die...

* , * , * .........(. *
, ........(. ,
.......... ,#....(.(...#
* #..........#. ,
#............* * *
*#####...........#* * ,
#...§T@........ *
#............. ,,
#..........### ### ###
##...<....<.#8###⌠###8##
#.......[..............#
##........#............8
#........#............#
#........###8###8##...#
#..........########...#


You could see a troll.

Vanquished Creatures
  3 ogres
  A bullfrog (D:6)
  A scorpion (D:4)
  A howler monkey (D:6)
  A centaur zombie (D:5)
  4 crimson imps
  2 hounds (D:4)
  A centaur skeleton (D:5)
  An iguana (D:6)
  Jessica (D:2)
  An orc wizard (D:2)
  A worker ant (D:5)
  4 adders
  A shadow imp (D:5)
  3 oozes
  2 adder skeletons
  A worm (D:3)
  A dart slug (D:2)
  3 leopard geckos
  7 orcs
  4 bats
  3 giant cockroaches
  8 goblins
  4 hobgoblins
  3 jackals (D:2)
  3 frilled lizards
  3 kobolds
  A leopard gecko zombie (D:5)
  3 rats
72 creatures vanquished.

Vanquished Creatures (collateral kills)
  An adder skeleton (D:5)
  An orc (D:5)
2 creatures vanquished.

Grand Total: 74 creatures vanquished

Notes
Turn   | Place    | Note
-------+----------+-------------------------------------------
     0 | D:1      | Kaits the Demonspawn Chaos Knight began the quest for the
                  | Orb.
     0 | D:1      | Reached XP level 1. HP: 18/18 MP: 1/1
    69 | D:1      | XOM: harmless Necr miscast
   168 | D:1      | Reached skill level 3 in Axes
   198 | D:1      | XOM: harmless Ice miscast
   493 | D:2      | Noticed an orc wizard
   501 | D:2      | Gained mutation: You are immune to rotting. [demonic
                  | ancestry]
   501 | D:2      | Reached XP level 2. HP: 20/24 MP: 2/2
   503 | D:2      | Reached XP level 3. HP: 13/29 MP: 3/3
   509 | D:2      | Reached skill level 1 in Dodging
   820 | D:2      | Found a hide-covered altar of Uskayaw.
   822 | D:2      | XOM: god gift: 7 javelins of returning
   899 | D:2      | Noticed Jessica
   906 | D:2      | XOM: god gift: ring mail {god gift}
   912 | D:2      | Killed Jessica
   912 | D:2      | Reached XP level 4. HP: 33/36 MP: 4/4
  1349 | D:3      | Found a glowing silver altar of Zin.
  1397 | D:3      | XOM: give mutation
  1397 | D:3      | Gained mutation: You passively map a small area around you.
                  | [Xom's grace]
  1583 | D:3      | Noticed an ogre
  1593 | D:3      | Killed an ogre
  1593 | D:3      | Reached skill level 4 in Axes
  1593 | D:3      | Reached skill level 1 in Throwing
  1593 | D:3      | Reached skill level 1 in Stealth
  1593 | D:3      | Gained mutation: When hurt, damage is shared between your
                  | health and your magic reserves. [demonic ancestry]
  1593 | D:3      | Reached XP level 5. HP: 28/42 MP: 5/5
  1598 | D:3      | Found a bloodstained altar of Trog.
  1702 | D:3      | XOM: scenery: create altars
  2042 | D:4      | Gained mutation: You may emit foul miasma when damaged in
                  | melee. [demonic ancestry]
  2042 | D:4      | Reached XP level 6. HP: 45/48 MP: 6/6
  2125 | D:4      | Found an opulent altar of Gozag.
  2194 | D:4      | XOM: cloud trail
  2237 | D:4      | Found a staircase to the Ecumenical Temple.
  2455 | D:4      | XOM: harmless Tmut miscast
  2528 | D:5      | Entered Level 5 of the Dungeon
  2535 | D:5      | Found Aphoshrakku's General Store.
  2547 | D:5      | Bought 2 potions of curing for 84 gold pieces
  2611 | D:5      | XOM: smoke on damage
  2641 | D:5      | XOM: cast spell 'Shadow Creatures'
  2646 | D:5      | XOM: smoke on damage
  2647 | D:5      | Reached XP level 7. HP: 13/54 MP: 1/7
  2691 | D:5      | Found Fabeiklu's Assorted Antiques.
  2705 | D:5      | Bought a scroll of identify for 56 gold pieces
  2772 | D:5      | Found Yrrilar's Antique Armour Shop.
  2839 | D:5      | XOM: god gift: amethyst potion {god gift}
  2992 | D:5      | Learned a level 1 spell: Animate Skeleton
  3077 | D:6      | XOM: confuse monster(s)
  3080 | D:6      | Reached skill level 1 in Shields
  3123 | D:6      | Found an iron altar of Okawaru.
  3134 | D:6      | Reached skill level 5 in Axes
  3194 | D:6      | Learned a level 1 spell: Apportation
  3211 | D:6      | Got a jewelled ring mail
  3712 | D:7      | Noticed a troll
  3725 | D:7      | XOM: swap monsters
  3727 | D:7      | Slain by a troll

Skill      XL: |  1  2  3  4  5  6  7 |
---------------+----------------------+-----
Axes           | 3 4 5 |  5.2
Armour         | 2 |  2.9
Dodging        | 1 2 |  2.7
Throwing       | 1 2 3 |  3.2
Stealth        | 1 2 |  2.6
Fighting       | 4 |  4.2
Shields        | 1 |  1.2
Slings         | |  0.1

Action                   |  1- 3 |  4- 6 |  7- 9 || total
-------------------------+-------+-------+-------++-------
Melee: Hand axe          |    60 |    96 |    79 ||   235
 Fire: Hunting sling     |       |       |    21 ||    21
Throw: Stone             |     9 |       |       ||     9
       Javelin           |     1 |    21 |     5 ||    27
  Use: Scroll            |     6 |     3 |     4 ||    13
       Potion            |     2 |     2 |     5 ||     9
 Stab: Petrifying        |     1 |     1 |       ||     2
       Paralysed         |       |     3 |       ||     3
       Sleeping          |       |     1 |       ||     1
       Petrified         |       |       |     4 ||     4
  Eat: Ration            |     1 |     1 |     1 ||     3
Armor: Leather armour    |    12 |    26 |    24 ||    62
Dodge: Dodged            |    41 |    41 |    29 ||   111
Block: Shield            |       |    22 |    19 ||    41
